 Dungeon Crawl Stone Soup version 0.25-a0-100-g33052ceff8 (console) character file.

Game seed: 6383696855608048613, levelgen mode: deterministic

940 Kagalorn the Grappler (level 7, -4/55 HPs)
             Began as a Centaur Hunter on Nov 15, 2019.
             Killed from afar by Dowan (18 damage)
             ... with a shard of ice
             ... on level 5 of the Dungeon.
             The game lasted 00:11:59 (4496 turns).

Kagalorn the Grappler (Centaur Hunter)              Turns: 4496, Time: 00:12:01

Health: -4/55      AC: 10    Str: 16    XL:     7   Next: 88%
Magic:  7/7        EV:  2    Int: 10    God:
Gold:   249        SH:  0    Dex: 10    Spells: 6/6 levels left

rFire    . . .     SeeInvis .     - Unarmed
rCold    . . .     Gourm    .   (no shield)
rNeg     . . .     Faith    .   o - +0 plate armour (curse)
rPois    .         Spirit   .   p - +0 helmet
rElec    .         Reflect  .   (no cloak)
rCorr    .         Harm     .   g - +0 pair of gloves
MR       .....                  (no barding)
Stlth    ..........             (no amulet)
HPRegen  0.18/turn              (no ring)
MPRegen  0.10/turn              (no ring)

@: very quick
A: large, hooves 3, deformed body, speed 2, tough skin 3
a: no special abilities


You were on level 5 of the Dungeon.
You were not hungry.

You visited 1 branch of the dungeon, and saw 5 of its levels.

You collected 249 gold pieces.

Inventory:

Hand Weapons
 l - a +2 spear of piercing
 z - the cursed +1 spear of the Head {venom, rElec rPois rC+, unknown}
   (You found it on level 4 of the Dungeon)

   It poisons the flesh of those it strikes.
   It protects you from cold.
   It insulates you from electricity.
   It protects you from poison.
   It has a curse placed upon it.
Missiles
 c - 6 javelins (quivered)
 d - 2 throwing nets
 v - 3 boomerangs
Armour
 g - a +0 pair of gloves (worn)
 o - a cursed +0 plate armour (worn)
 p - a +0 helmet (worn)
Wands
 r - a wand of random effects (15)
 w - a wand of enslavement (8)
Scrolls
 a - a scroll of amnesia {unknown}
 i - a scroll of enchant armour {unknown}
 j - 2 scrolls of magic mapping {unknown}
 k - 3 scrolls of remove curse {unknown}
 n - a scroll of enchant weapon {unknown}
 s - 4 scrolls of identify {unknown}
 x - a scroll of fear {unknown}
 y - a scroll of noise {unknown}
 A - a scroll of brand weapon {unknown}
Potions
 b - 2 potions of degeneration {unknown}
 e - 2 potions of might {unknown}
 h - 2 potions of cancellation {unknown}
 m - 2 potions of flight {unknown}
 q - a potion of berserk rage {unknown}
 t - a potion of heal wounds {unknown}
 u - 2 potions of curing {unknown}
Comestibles
 f - 8 rations


   Skills:
 - Level 2.0 Fighting
 - Level 4.3 Throwing
 - Level 1.3 Dodging
 - Level 0.4 Stealth
 + Level 9.0 Unarmed Combat


You had 6 spell levels left.
You didn't know any spells.
Your spell library was empty.

Dungeon Overview and Level Annotations

Branches:
Dungeon (5/15)
 Temple: D:4-7

Altars:
Hepliaklqana
Nemelex Xobeh
Okawaru
Ru
Yredelemnul

Annotations:
D:5 Dowan


Innate Abilities, Weirdness & Mutations

You have hooves in place of feet.
Armour fits poorly on your strangely shaped body.
You cover ground very quickly.
You have extremely tough skin. (AC +3)


Message History

Dowan is moderately wounded.
Dowan hits you but does no damage.
You punch Dowan! Your kick misses Dowan.
Dowan is severely wounded.
Dowan hits you but does no damage. x2
You miss Dowan.
Dowan is severely wounded.
The orc completely misses you. Dowan hits you but does no damage.
The orc hits you but does no damage.
You closely miss Dowan. Your kick misses Dowan.
Dowan is severely wounded.
Dowan hits you but does no damage. The orc hits you but does no damage.
You closely miss Dowan.
Dowan is severely wounded.
Dowan hits you with a +0 dagger.
* * * LOW HITPOINT WARNING * * *
The orc hits you but does no damage. Dowan casts a spell at you.
The shard of ice hits you!!
You die...

... ## .o .# .. .#
.###. .>.# #..# #oe#
### #@o# #####.# ...
#..# #.....# ..# #..#
#.##### ###.#
####..### #.# ....#
###.......# #.# #..#
#.......#.# #.# #..##
####.......#.# #.#
##...###..........#.#
#.#
..........#......##.#
#.#


You could see Dowan and 2 orcs.

Vanquished Creatures
  Sigmund (D:3)
  Duvessa (D:5)
  An ogre (D:4)
  A centaur (D:5)
  A scorpion (D:4)
  A crimson imp (D:5)
  2 orc priests
  3 orc wizards
  Ijyb (D:3)
  Natasha (twice) (D:3)
  A worker ant (D:4)
  Robin (D:2)
  4 gnolls (D:4)
  3 adders
  An ooze (D:3)
  3 adder skeletons
  4 leopard geckos
  13 orcs
  12 bats
  3 giant cockroaches
  7 goblins
  8 hobgoblins (D:2)
  3 quokkas
  9 frilled lizards
  2 gnoll zombies (D:2)
  7 kobolds
  A quokka skeleton (D:4)
  2 rats (D:1)
98 creatures vanquished.

Notes
Turn   | Place    | Note
-------+----------+-------------------------------------------
     0 | D:1      | Kagalorn the Centaur Hunter began the quest for the Orb.
     0 | D:1      | Reached XP level 1. HP: 17/17 MP: 1/1
    95 | D:1      | Reached skill level 1 in Unarmed Combat
   451 | D:1      | Reached XP level 2. HP: 11/24 MP: 2/2
   534 | D:1      | Reached skill level 2 in Unarmed Combat
   967 | D:2      | Found a sacrificial altar of Ru.
   997 | D:2      | Reached skill level 3 in Unarmed Combat
   997 | D:2      | Reached XP level 3. HP: 6/29 MP: 3/3
  1302 | D:2      | Found an iron altar of Okawaru.
  1302 | D:2      | Found a hazy altar of Hepliaklqana.
  1514 | D:2      | Reached XP level 4. HP: 28/36 MP: 4/4
  1523 | D:2      | Noticed Robin
  1536 | D:2      | Killed Robin
  1538 | D:2      | Reached skill level 4 in Unarmed Combat
  1666 | D:2      | Found a basalt altar of Yredelemnul.
  2150 | D:3      | Reached XP level 5. HP: 6/41 MP: 5/5
  2154 | D:3      | HP: 2/41 [orc/+0 trident (3)]
  2553 | D:3      | Noticed Ijyb
  2564 | D:3      | Reached skill level 5 in Unarmed Combat
  2571 | D:3      | Killed Ijyb
  2687 | D:3      | Noticed Sigmund
  2810 | D:3      | Noticed Natasha
  3047 | D:3      | Killed Natasha
  3136 | D:3      | Killed Sigmund
  3136 | D:3      | Reached skill level 6 in Unarmed Combat
  3136 | D:3      | Reached XP level 6. HP: 37/48 MP: 6/6
  3227 | D:3      | Noticed Natasha
  3239 | D:3      | Killed Natasha
  3413 | D:4      | Reached skill level 7 in Unarmed Combat
  3421 | D:4      | Reached XP level 7. HP: 32/55 MP: 7/7
  3929 | D:4      | Got a twisted spear
  4205 | D:4      | Reached skill level 8 in Unarmed Combat
  4291 | D:4      | Found a sparkling altar of Nemelex Xobeh.
  4358 | D:5      | Entered Level 5 of the Dungeon
  4468 | D:5      | Noticed Duvessa
  4470 | D:5      | Noticed Dowan
  4487 | D:5      | Killed Duvessa
  4487 | D:5      | Reached skill level 9 in Unarmed Combat
  4496 | D:5      | Killed from afar by Dowan

Levels and vault maps discovered:
D:1:      lightli_arrival_statuegarden, layout_rooms
D:2:      layout_basic, lemuel_zombie_altar_yredelemnul,
          nicolae_ru_great_annihilating_truth, gammafunk_temple_overflow_wave,
          uniq_robin
D:3:      layout_basic, uniq_natasha, uniq_ijyb, uniq_sigmund
D:4:      layout_loops_ring, lemuel_coloured_pillars_altar, first_ration
D:5:      layout_loops_ring, makhleb_blood_cavern_becter, kennysheep_donut,
          minivault_4, uniq_duvessa

Skill      XL: |  1  2  3  4  5  6  7 |
---------------+----------------------+-----
Unarmed Combat | 1 3 4 6 7 9 |  9.0
Fighting       | |  2.0
Throwing       | |  4.3
Dodging        | |  1.3
Stealth        | |  0.4

Action                   |  1- 3 |  4- 6 |  7- 9 || total
-------------------------+-------+-------+-------++-------
Melee: Unarmed           |   129 |   183 |    96 ||   408
       Kick              |    27 |    30 |    18 ||    75
       Punch             |       |       |     2 ||     2
Throw: Javelin           |       |    18 |       ||    18
       Throwing net      |       |     2 |       ||     2
       Boomerang         |       |     1 |       ||     1
 Stab: Paralysed         |     3 |       |       ||     3
       Invisible         |     1 |       |       ||     1
  Eat: Chunk             |     1 |     2 |     3 ||     6
       Ration            |       |     1 |       ||     1
Armor: Leather armour    |    42 |       |       ||    42
       Plate armour      |       |   122 |    41 ||   163
Dodge: Dodged            |    62 |    20 |    14 ||    96

Table legend:
 A = Non-vault XP
 B = Vault XP
 C = Vault XP percentage of total XP
 D = Non-vault monster count
 E = Vault monster count
 F = Vault count percentage of total count
                 A         B        C        D         E       F
            +---------+---------+-------+---------+---------+-------
      Total |     816 |     527 |  39.2 |      77 |      21 |  21.4
            +---------+---------+-------+---------+---------+-------
        D:1 |      27 |       0 |   0.0 |      17 |       0 |   0.0
        D:2 |      26 |      81 |  75.7 |      10 |      17 |  63.0
        D:3 |     144 |     299 |  67.5 |      21 |       3 |  12.5
        D:4 |     444 |       0 |   0.0 |      24 |       0 |   0.0
        D:5 |     175 |     147 |  45.7 |       5 |       1 |  16.7
            +---------+---------+-------+---------+---------+-------
